Map: Kairos Junction LE

Players

Woah - Winner!

  • Race: Terran Terran
  • Spawn Location: 5:00

Berndi

  • Race: Protoss Protoss
  • League: Diamond
  • Spawn Location: 11:00

VOD

Have the link to the VOD?

Description

Time

  • Played on: June 14, 2019, 2:47 p.m.
  • Length: 7:10
Show
View Real Time Build Order
Export as new Build Order

Woah Terran - Winner!

Build Orders:  

Get SALT Encoding   

  12  0:00  SCV  
  13  0:12  SCV  
  14  0:18  Supply Depot  
  14  0:25  SCV  
  15  0:40  SCV  
  16  0:43  Barracks  
  16  0:47  Refinery  
  16  0:52  SCV  
  17  1:04  SCV  
  18  1:16  SCV  
  19  1:33  Orbital Command  
  19  1:42  Command Center  
  19  1:54  Barracks  
  19  1:58  Barracks Reactor  
  19  2:02  SCV  
  20  2:13  Supply Depot  
  20  2:22  Barracks  
  20  2:25  SCV  
  21  2:34  Marine x2  
  23  2:40  Barracks Tech Lab  
  23  2:47  Engineering Bay  
  23  2:48  SCV  
  24  2:53  Marine x2  
  26  2:59  Orbital Command  
  26  3:06  Stimpack  
  26  3:13  SCV  
  26  3:14  Marine  
  26  3:16  Barracks Tech Lab, Marine  
  29  3:27  Factory  
  29  3:28  SCV  
  29  3:33  Refinery  
  30  3:37  Combat Shield  
  30  3:50  SCV x2, Bunker  
  30  3:52  Marine x2  
  34  4:02  Marauder  
  36  4:03  Marauder  
  36  4:05  SCV  
  36  4:06  SCV  
  40  4:14  Refinery  
  41  4:17  SCV  
  41  4:18  Refinery, Marine  
  41  4:19  Marine  
  43  4:30  Starport  
  43  4:31  Factory Reactor  
  43  4:34  Marauder  
  45  4:39  SCV  
  46  4:48  Supply Depot  
  46  4:51  Terran Infantry Weapons Level 1  
  46  5:09  SCV x2, Marine x2  
  46  5:10  Marauder  
  52  5:15  Medivac, Supply Depot  
  54  5:28  Supply Depot  
  54  5:32  Concussive Shells  
  54  5:33  Liberator  
  54  5:36  SCV x2, Medivac  
  54  5:37  Marauder x2  
  62  5:50  SCV  
  62  5:53  Marine x2  
  62  5:54  SCV  
  69  6:07  Marauder  
  68  6:14  Marauder, Marine x2  
  68  6:29  Marauder  
  68  6:31  Marine  
  66  6:41  Marauder, Marine  
  66  6:46  Command Center  
  69  6:47  Barracks  
  69  6:49  Marine  
Show
View Real Time Build Order
Export as new Build Order

Berndi Protoss 

Build Orders:  

Get SALT Encoding   

  12  0:01  Probe  
  13  0:13  Probe  
  14  0:18  Pylon  
  14  0:24  Probe  
  15  0:32  Probe  
  15  0:38  Gateway  
  15  0:41  Probe  
  16  0:48  Assimilator  
  17  0:51  Probe  
  18  1:03  Probe  
  19  1:15  Probe  
  20  1:20  Zealot  
  20  1:31  Cybernetics Core  
  22  1:34  Probe  
  22  1:35  Pylon  
  23  1:58  Assimilator  
  23  2:01  Nexus  
  23  2:02  Probe  
  23  2:03  Adept  
  23  2:04  Warp Gate  
  26  2:25  Pylon  
  26  2:28  Probe  
  27  2:30  Shield Battery  
  27  2:41  Gateway  
  27  2:44  Probe  
  28  2:56  Probe, Shield Battery  
  29  3:04  Stalker  
  31  3:11  Probe  
  32  3:16  Probe  
  33  3:25  Gateway  
  33  3:31  Robotics Facility  
  33  3:33  Probe  
  34  3:35  Probe  
  35  3:45  Probe  
  35  3:47  Probe  
  37  3:54  Twilight Council  
  37  3:57  Probe  
  37  3:59  Probe  
  39  4:04  Pylon  
  39  4:07  Probe  
  39  4:09  Probe  
  41  4:17  Stalker x2, Probe  
  41  4:20  Sentry  
  41  4:21  Probe  
  49  4:26  Observer  
  49  4:28  Assimilator  
  49  4:29  Probe  
  49  4:30  Assimilator  
  50  4:34  Probe  
  50  4:37  Blink  
  52  4:45  Probe  
  53  4:51  Observer  
  54  4:56  Stalker x2  
  54  4:57  Stalker  
  60  5:04  Pylon  
  60  5:08  Shield Battery  
  60  5:10  Shield Battery  
  60  5:16  Observer  
  61  5:24  Nexus  
  61  5:31  Pylon  
  61  5:34  Probe x2  
  63  5:42  Sentry  
  63  5:43  Sentry x2  
  63  5:45  Immortal  
  69  5:54  Pylon  
  73  6:02  Probe x2  
  69  6:15  Stalker x2  
  69  6:16  Stalker  
  65  6:21  Probe x2  
  62  6:39  Stalker x3  
  58  6:42  Probe x2  
  60  6:54  Probe  
  65  7:06  Gateway  
  65  7:08  Gateway  
Tags
 
League
Diamond
Matchup
PvT
Replay Pack
r1
Spawn Locations
Cross Positions
Add a new tag
Caveats
  • Supply blocks, unpowered buildings, or Contaminate may cause inaccurate times.
  • Supply counts are checked every 10 seconds.